A - U25
MADISON MUSKIES @ AMES SOD POODLES
05/19/2053
 
TOP OF THE 1ST
Clinton LumberKings batting - Pitching for Fond du Lac Dock Spiders : LHP Reuben Forster
Pitching: LHP Reuben Forster
Batting: RHB Josiah Salas 0-0: Fly out, F4 (Line Drive, 4, EV 68.8 MPH)
Batting: RHB Woody Boyles 0-0: Ball
1-0: Ground out 6-3 (Groundball, 6, EV 88.1 MPH)
Batting: RHB Júlio César Morillo 0-0: Ball
1-0: Ball
2-0: Foul Ball, location: 2F
2-1: Fly out, F8 (Flyball, 8RM, EV 86.3 MPH)
Top of the 1st over - 0 runs, 0 hits, 0 errors, 0 left on base; Clinton 0 - Fond du Lac 0
BOTTOM OF THE 1ST
Fond du Lac Dock Spiders batting - Pitching for Clinton LumberKings : RHP Jonah Dunn
Pitching: RHP Jonah Dunn
Batting: LHB Victorino Jasso 0-0: Ball
1-0: Called Strike
1-1: Ball
2-1: Called Strike
2-2: Foul Ball, location: 2F
2-2: Foul Ball, location: 2F
2-2: Fly out, F5 (Flyball, 5D, EV 94.4 MPH)
Batting: RHB Miguel Arias 0-0: Foul Ball, location: 3FF
0-1: Swinging Strike
0-2: Ball
1-2: Foul Ball, location: 9LDF
1-2: Foul Ball, location: 23F
1-2: Ball
2-2: Ball
3-2: Fly out, F6 (Popup, 6MS, EV 70.6 MPH)
Batting: RHB Junior Ybarra 0-0: Called Strike
0-1: Foul Ball, location: 5F
0-2: Ball
1-2: Strikes out looking
Bottom of the 1st over - 0 runs, 0 hits, 0 errors, 0 left on base; Clinton 0 - Fond du Lac 0
TOP OF THE 2ND
Clinton LumberKings batting - Pitching for Fond du Lac Dock Spiders : LHP Reuben Forster
Batting: RHB Wally Neff 0-0: Called Strike
0-1: TRIPLE (Line Drive, 78XD, EV 111.3 MPH)
Batting: RHB Nick Anant 0-0: Ball
1-0: Called Strike
1-1: Ball
2-1: Ball
3-1: Swinging Strike
3-2: Strikes out looking and he ARGUES THE CALL AND IS TOSSED!
Batting: RHB Cooper Garlock 0-0: Called Strike
0-1: Foul Ball, location: 3SF
0-2: Strikes out swinging
Batting: RHB B.J. Rojo 0-0: Swinging Strike
0-1: Foul Ball, location: 2F
0-2: Ground out 4-3 (Groundball, 4, EV 87.5 MPH)
Top of the 2nd over - 0 runs, 1 hit, 0 errors, 1 left on base; Clinton 0 - Fond du Lac 0
BOTTOM OF THE 2ND
Fond du Lac Dock Spiders batting - Pitching for Clinton LumberKings : RHP Jonah Dunn
Batting: LHB Corey Fritter 0-0: Ground out U3 (Groundball, 3S, EV 88.1 MPH)
Batting: RHB Alex German 0-0: Fly out, F3 (Popup, 23F, EV 87.5 MPH)
Batting: LHB Carlos Herrera 0-0: Swinging Strike
0-1: Ball
1-1: SINGLE (Line Drive, 4M, EV 101.9 MPH)
Batting: RHB John Nave 0-0: Ball
1-0: Ball
2-0: Foul Ball, location: 9LSF
2-1: Fly out, F7 (Flyball, 7LM, EV 91.3 MPH)
Bottom of the 2nd over - 0 runs, 1 hit, 0 errors, 1 left on base; Clinton 0 - Fond du Lac 0
TOP OF THE 3RD
Clinton LumberKings batting - Pitching for Fond du Lac Dock Spiders : LHP Reuben Forster
Batting: RHB Jeremy Mehrtens 0-0: Ball
1-0: Called Strike
1-1: Called Strike
1-2: Strikes out swinging
Batting: RHB P.J. Segura 0-0: Ball
1-0: Fly out, F8 (Flyball, 8RD, EV 109.4 MPH)
Batting: RHB Josiah Salas 0-0: Ball
1-0: Ball
2-0: Ball
3-0: Called Strike
3-1: Fly out, F9 (Flyball, 9, EV 97.5 MPH)
Top of the 3rd over - 0 runs, 0 hits, 0 errors, 0 left on base; Clinton 0 - Fond du Lac 0
BOTTOM OF THE 3RD
Fond du Lac Dock Spiders batting - Pitching for Clinton LumberKings : RHP Jonah Dunn
Batting: RHB David Felix 0-0: Ball
1-0: Called Strike
1-1: Called Strike
1-2: Ball
2-2: SINGLE (Flyball, 8RS, EV 89.4 MPH)
Batting: LHB Mateo Barajas 0-0: Bunted foul
0-1: Sac Bunt to 3S - play at first, batter OUT! 3-1
David Felix to second
Batting: LHB Victorino Jasso 0-0: Ball
1-0: SINGLE (Line Drive, 56D, EV 94.4 MPH)
David Felix to third
Throwing error, E7
David Felix scores
Victorino Jasso to second
Batting: RHB Miguel Arias 0-0: Ball
Passed Ball!
Victorino Jasso to third
1-0: Swinging Strike
1-1: Ball
2-1: Called Strike
2-2: Strikes out looking
Batting: RHB Junior Ybarra 0-0: 2-RUN HOME RUN (Flyball, 78XD, EV 103.1 MPH), Distance : 413 ft
Batting: LHB Corey Fritter 0-0: Ball
1-0: Ball
2-0: Swinging Strike
2-1: Called Strike
2-2: Strikes out swinging
Bottom of the 3rd over - 3 runs, 3 hits, 1 error, 0 left on base; Clinton 0 - Fond du Lac 3
TOP OF THE 4TH
Clinton LumberKings batting - Pitching for Fond du Lac Dock Spiders : LHP Reuben Forster
Batting: RHB Woody Boyles 0-0: Called Strike
0-1: Ground out 5-3 (Groundball, 15, EV 84.4 MPH)
Batting: RHB Júlio César Morillo 0-0: Ball
1-0: Fly out, F9 (Flyball, 9LS, EV 83.8 MPH)
Batting: RHB Wally Neff 0-0: Swinging Strike
0-1: Called Strike
0-2: Ball
1-2: Strikes out swinging
Top of the 4th over - 0 runs, 0 hits, 0 errors, 0 left on base; Clinton 0 - Fond du Lac 3
BOTTOM OF THE 4TH
Fond du Lac Dock Spiders batting - Pitching for Clinton LumberKings : RHP Jonah Dunn
Batting: RHB Alex German 0-0: Called Strike
0-1: Fly out, F7 (Flyball, 7, EV 98.1 MPH)
Batting: LHB Carlos Herrera 0-0: Called Strike
0-1: Ball
1-1: Foul Ball, location: 23FF
1-2: Hit by Pitch
Batting: RHB John Nave 0-0: Ball
1-0: Fly out, F8 (Flyball, 8LM, EV 100.0 MPH)
Batting: RHB David Felix 0-0: Swinging Strike
0-1: Called Strike
0-2: Strikes out looking
Bottom of the 4th over - 0 runs, 0 hits, 0 errors, 1 left on base; Clinton 0 - Fond du Lac 3
TOP OF THE 5TH
Clinton LumberKings batting - Pitching for Fond du Lac Dock Spiders : LHP Reuben Forster
Batting: RHB Ludvig Stoddard 0-0: Called Strike
0-1: Swinging Strike
0-2: Ball
1-2: Ground out 5-3 (Groundball, 56, EV 99.4 MPH)
Batting: RHB Cooper Garlock 0-0: Swinging Strike
0-1: Foul Ball, location: 7LMF
0-2: Strikes out swinging
Batting: RHB B.J. Rojo 0-0: Called Strike
0-1: Fly out, F8 (Flyball, 8LXD, EV 93.1 MPH)
Top of the 5th over - 0 runs, 0 hits, 0 errors, 0 left on base; Clinton 0 - Fond du Lac 3
BOTTOM OF THE 5TH
Fond du Lac Dock Spiders batting - Pitching for Clinton LumberKings : RHP Jonah Dunn
Batting: LHB Mateo Barajas 0-0: Called Strike
0-1: Ball
1-1: Foul Ball, location: 2F
1-2: Reached on error, E3 (Groundball, 34S, EV 86.9 MPH)
Batting: LHB Victorino Jasso 0-0: Ball
1-0: Ball
2-0: Foul Ball, location: 7LSF
2-1: Ball
3-1: Base on Balls
Mateo Barajas to second
Batting: RHB Miguel Arias 0-0: Sac Bunt to 2R - play at first, batter OUT! 2-3
Mateo Barajas to third
Victorino Jasso to second
Batting: RHB Junior Ybarra 0-0: Foul Ball, location: 9LSF
0-1: Ball
1-1: Ball
2-1: Foul Ball, location: 9LDF
2-2: Ball
3-2: Foul Ball, location: 9LMF
3-2: Fly out, F9 (Line Drive, 9D, EV 92.5 MPH)
Runner from 3rd tags up, SCORES, throw by RF
Victorino Jasso to third
Batting: LHB Corey Fritter 0-0: Called Strike
0-1: Swinging Strike
0-2: Ball
1-2: Ball
2-2: Strikes out swinging
Bottom of the 5th over - 1 run, 0 hits, 1 error, 1 left on base; Clinton 0 - Fond du Lac 4
TOP OF THE 6TH
Clinton LumberKings batting - Pitching for Fond du Lac Dock Spiders : LHP Reuben Forster
Batting: RHB Jeremy Mehrtens 0-0: Ball
1-0: SINGLE (Groundball, 56, EV 97.5 MPH)
Batting: RHB P.J. Segura 0-0: Called Strike
0-1: 2-RUN HOME RUN (Flyball, 89XD, EV 98.1 MPH), Distance : 399 ft
Batting: RHB Josiah Salas 0-0: Called Strike
0-1: Called Strike
0-2: Ball
1-2: Strikes out swinging
Batting: RHB Woody Boyles 0-0: Swinging Strike
0-1: Swinging Strike
0-2: Strikes out looking
Batting: RHB Júlio César Morillo 0-0: Fly out, F9 (Flyball, 9D, EV 96.3 MPH)
Top of the 6th over - 2 runs, 2 hits, 0 errors, 0 left on base; Clinton 2 - Fond du Lac 4
BOTTOM OF THE 6TH
Fond du Lac Dock Spiders batting - Pitching for Clinton LumberKings : RHP Jonah Dunn
Batting: RHB Alex German 0-0: Ball
1-0: Foul Ball, location: 23F
1-1: Ground out 1-3 (Groundball, 13S, EV 61.9 MPH)
Batting: LHB Carlos Herrera 0-0: Swinging Strike
0-1: Ball
1-1: Foul Ball, location: 7LMF
1-2: Ground out 2-3 (Groundball, 2R, EV 68.8 MPH)
Batting: RHB John Nave 0-0: Swinging Strike
0-1: Foul Ball, location: 23FF
0-2: Fly out, F7 (Line Drive, 78M, EV 85.0 MPH)
Bottom of the 6th over - 0 runs, 0 hits, 0 errors, 0 left on base; Clinton 2 - Fond du Lac 4
TOP OF THE 7TH
Clinton LumberKings batting - Pitching for Fond du Lac Dock Spiders : LHP Reuben Forster
Batting: RHB Wally Neff 0-0: Ball
1-0: Fly out, F8 (Flyball, 8LD, EV 101.3 MPH)
Batting: RHB Ludvig Stoddard 0-0: Ball
1-0: Ball
2-0: Called Strike
2-1: Ball
3-1: Foul Ball, location: 2F
3-2: Ground out 6-3 (Groundball, 6, EV 88.1 MPH)
Batting: RHB Cooper Garlock 0-0: Called Strike
0-1: Ground out 3-1 (Groundball, 34S, EV 76.9 MPH)
Top of the 7th over - 0 runs, 0 hits, 0 errors, 0 left on base; Clinton 2 - Fond du Lac 4
BOTTOM OF THE 7TH
Fond du Lac Dock Spiders batting - Pitching for Clinton LumberKings : RHP Jonah Dunn
Batting: RHB David Felix 0-0: Called Strike
0-1: Ground out 6-3 (Groundball, 56, EV 111.3 MPH)
Batting: LHB Mateo Barajas 0-0: Swinging Strike
0-1: Ball
1-1: Swinging Strike
1-2: Ball
2-2: Ground out U3 (Groundball, 34S, EV 85.6 MPH)
Batting: LHB Victorino Jasso 0-0: Ball
1-0: Ball
2-0: Called Strike
2-1: SOLO HOME RUN (Flyball, 89XD, EV 100.6 MPH), Distance : 425 ft
Batting: RHB Miguel Arias 0-0: Swinging Strike
0-1: Ball
1-1: Swinging Strike
1-2: Ball
2-2: Strikes out swinging, 2-3 out at first.
Bottom of the 7th over - 1 run, 1 hit, 0 errors, 0 left on base; Clinton 2 - Fond du Lac 5
TOP OF THE 8TH
Clinton LumberKings batting - Pitching for Fond du Lac Dock Spiders : LHP Reuben Forster
Now in LF: Maximus Heidrich
Batting: RHB B.J. Rojo 0-0: Ball
1-0: Foul Ball, location: 2F
1-1: Ball
2-1: SINGLE (Line Drive, 9S, EV 97.5 MPH)
Batting: RHB Jeremy Mehrtens 0-0: Ball
1-0: Foul Ball, location: 23FF
1-1: Grounds into double play, 4-6-3 (Groundball, 34, EV 84.4 MPH)
Batting: RHB P.J. Segura 0-0: Fly out, F9 (Flyball, 9, EV 93.1 MPH)
Top of the 8th over - 0 runs, 1 hit, 0 errors, 0 left on base; Clinton 2 - Fond du Lac 5
BOTTOM OF THE 8TH
Fond du Lac Dock Spiders batting - Pitching for Clinton LumberKings : RHP Jonah Dunn
Pitching: RHP Roy Lovelace
Batting: RHB Junior Ybarra 0-0: Ball
1-0: Called Strike
1-1: Single, Error in OF, E7, batter to second base (Line Drive, 7S, EV 89.4 MPH)
Batting: LHB Corey Fritter 0-0: Called Strike
0-1: Ball
1-1: Fly out, F7 (Line Drive, 7S, EV 93.1 MPH)
Batting: RHB Alex German 0-0: Called Strike
0-1: Called Strike
0-2: Ball
1-2: Strikes out swinging
Batting: LHB Carlos Herrera 0-0: Ball
1-0: Ball
2-0: Ball
3-0: Base on Balls
Batting: RHB John Nave 0-0: Swinging Strike
0-1: Fly out, F9 (Flyball, 9, EV 93.8 MPH)
Bottom of the 8th over - 0 runs, 1 hit, 1 error, 2 left on base; Clinton 2 - Fond du Lac 5
TOP OF THE 9TH
Clinton LumberKings batting - Pitching for Fond du Lac Dock Spiders : LHP Reuben Forster
Pitching: LHP Nathanael Riley
Batting: RHB Josiah Salas 0-0: Ball
1-0: Ground out 6-3 (Groundball, 6, EV 82.5 MPH)
Batting: RHB Woody Boyles 0-0: Swinging Strike
0-1: Ball
1-1: Foul Ball, location: 2F
1-2: Ground out 1-3 (Groundball, 13S, EV 74.4 MPH)
Batting: RHB Júlio César Morillo 0-0: Foul Ball, location: 2F
0-1: Foul Ball, location: 3DF
0-2: Fly out, F7 (Flyball, 78S, EV 92.5 MPH)
Top of the 9th over - 0 runs, 0 hits, 0 errors, 0 left on base; Clinton 2 - Fond du Lac 5
Sunday, May 26th , 2024 - OOTP Baseball 25.4 Build 64